 Dungeon Crawl Stone Soup version 0.26-a0-1177-g1209ec82b9 (webtiles) character file.

Game seed: 16122662795566369093

373 voltaire321 the Poker (level 6, 0/48 HPs)
             Began as a Merfolk Gladiator on Dec 24, 2020.
             Was an Initiate of Makhleb.
             Succumbed to a gnoll sergeant's poison
             ... on level 4 of the Dungeon.
             The game lasted 00:12:47 (3618 turns).

voltaire321 the Poker (Merfolk Gladiator)           Turns: 3618, Time: 00:12:47

Health: 0/48       AC:  6    Str: 11 (14) XL:     6   Next: 71%
Magic:  7/7        EV: 15    Int:  6 (8)  God:    Makhleb [......]
Gold:   261        SH:  0    Dex: 15 (17) Spells: 5/5 levels left

rFire    . . .     SeeInvis .   a - +0 trident
rCold    . . .     Faith    .   (no shield)
rNeg     . . .     Spirit   .   b - +0 leather armour
rPois    .         Reflect  .   c - +0 helmet
rElec    .         Harm     .   (no cloak)
rCorr    .         Rampage  .   h - +0 pair of gloves
Will     .....                  e - +0 pair of boots
Stlth    +.........             (no amulet)
HPRegen  0.16/turn              (no ring)
MPRegen  0.10/turn              (no ring)

@: brilliant, lethally poisoned (0 -> -36)
A: change form in water, swift swim, stealthy swim
a: Renounce Religion


You were on level 4 of the Dungeon.
You worshipped Makhleb.
Makhleb was noncommittal.
You visited 2 branches of the dungeon, and saw 5 of its levels.

You collected 261 gold pieces.

Inventory:

Hand Weapons
 a - a +0 trident (weapon)
Missiles
 d - 3 throwing nets
 p - 3 silver javelins (quivered)
Armour
 b - a +0 leather armour (worn)
 c - a +0 helmet (worn)
 e - a +0 pair of boots (worn)
 h - a +0 pair of gloves (worn)
Jewellery
 l - an uncursed ring of protection from fire {unknown}
 w - an uncursed ring of magical power {unknown}
 A - an uncursed ring of willpower {unknown}
Wands
 x - a wand of random effects (18)
Scrolls
 k - 4 scrolls of identify {unknown}
 n - a scroll of random uselessness {unknown}
 o - 3 scrolls of fog
 q - 5 scrolls of teleportation
 t - a scroll of remove curse {unknown}
 u - a scroll of fear {unknown}
 v - a scroll of enchant weapon {unknown}
 y - a scroll of immolation {unknown}
 z - a scroll of noise {unknown}
Potions
 f - a potion of haste {unknown}
 g - a potion of degeneration
 i - a potion of flight {unknown}
 j - a potion of might {unknown}
 m - a potion of heal wounds {unknown}
 r - a potion of curing {unknown}
 s - a potion of brilliance


   Skills:
 + Level 3.9 Fighting
 + Level 6.6 Polearms
 + Level 3.5 Throwing
 + Level 5.9 Dodging
 + Level 1.5 Invocations


You had 5 spell levels left.
You didn't know any spells.
Your spell library contained the following spells:

 Spells                   Type           Power        Failure   Level
 Beastly Appendage        Tmut           0%           54%         1
 Wereblood                Tmut           0%           69%         2
 Spider Form              Tmut/Pois      0%           89%         3
 Ice Form                 Ice/Tmut       0%           100%        4
 Blade Hands              Tmut           0%           100%        5


Dungeon Overview and Level Annotations

Branches:
Dungeon (4/15)             Temple (1/1) D:4

Altars:
Ashenzari
Cheibriados
Dithmenos
Elyvilon
Gozag
Hepliaklqana
Kikubaaqudgha
Makhleb
Nemelex Xobeh
Qazlal
Sif Muna
Xom
Zin
The Shining One


Message History

* * * LOW HITPOINT WARNING * * *
You feel sick.
The gnoll sergeant hits you with a +5 spear of venom.
* * * LOW HITPOINT WARNING * * *
You closely miss the gnoll sergeant.
The gnoll sergeant is almost dead.
* * * LOW HITPOINT WARNING * * *
You feel very sick. The gnoll sergeant misses you.
It was a potion of degeneration.
There was something very wrong with that liquid.
You feel weakened.
You feel dopey.
You feel clumsy.
* * * LOW HITPOINT WARNING * * *
You feel sick.
The gnoll sergeant hits you with a +5 spear of venom.
* * * LOW HITPOINT WARNING * * *
You are more poisoned.
It was a potion of brilliance.
You feel clever all of a sudden.
You die...

###.##.#####.##
#≈≈#.g.#≈≈#
.......# #.#
#≈≈#ggg#≈≈#
###.#### #>#
#≈###'###≈# #.#
#.###
#≈##≈.≈##≈# #.#
#...#
#≈≈≈≈.≈≈≈≈# ...
###.#
####.g##### ...
##..# ##.##
#.....#
##.#.########..#
#.....##
#.#...@g))).(.##
#......#
##...##########
#......# ##.##
#.^.^..# #.#
#.^_^.## #.#
..^^^..# #.#
.......# #.#
.##..#.######.#
.##...........#


You could see a gnoll sergeant.

Vanquished Creatures
  2 iguanas (D:4)
  Ijyb (D:3)
  An orc wizard (D:4)
  Natasha (thrice) (D:4)
  8 adders
  4 gnolls (D:4)
  A worm (D:3)
  A dart slug (D:1)
  4 leopard geckos
  6 orcs
  3 giant cockroaches
  6 goblins
  9 hobgoblins
  4 jackals
  3 quokkas (D:3)
  2 ball pythons
  3 bats
  6 frilled lizards
  5 kobolds
  A leopard gecko skeleton (D:3)
  7 rats
80 creatures vanquished.

Notes
Turn   | Place    | Note
-------+----------+-------------------------------------------
     0 | D:1      | voltaire321 the Merfolk Gladiator began the quest for the
                  | Orb.
     0 | D:1      | Reached XP level 1. HP: 16/16 MP: 1/1
   252 | D:1      | Reached XP level 2. HP: 23/23 MP: 2/2
   336 | D:1      | You fall into a shaft and drop 1 floor!
   534 | D:1      | Reached XP level 3. HP: 28/28 MP: 3/3
   970 | D:2      | Reached skill level 5 in Polearms
   970 | D:2      | Reached skill level 5 in Dodging
  1234 | D:2      | Reached XP level 4. HP: 31/34 MP: 4/4
  1763 | D:3      | Reached XP level 5. HP: 41/41 MP: 5/5
  1839 | D:3      | Noticed Ijyb
  1854 | D:3      | Killed Ijyb
  2027 | D:3      | Reached skill level 6 in Polearms
  2327 | D:4      | Found a staircase to the Ecumenical Temple.
  2377 | Temple   | Entered the Ecumenical Temple
  2557 | Temple   | Became a worshipper of Makhleb the Destroyer
  2598 | D:4      | Noticed Natasha
  2601 | D:4      | Killed Natasha
  2746 | D:4      | Noticed Natasha
  2764 | D:4      | Killed Natasha
  2765 | D:4      | Reached skill level 1 in Invocations
  2765 | D:4      | Reached XP level 6. HP: 26/47 MP: 6/6
  3034 | D:4      | Found an opulent altar of Gozag.
  3249 | D:4      | Noticed Natasha
  3266 | D:4      | Killed Natasha
  3547 | D:4      | Found a shimmering altar of Xom.
  3617 | D:4      | HP: 2/48 [gnoll sergeant/+5 spear of venom (2)]
  3618 | D:4      | Succumbed to a gnoll sergeant's poison

Illustrated notes

Levels and vault maps discovered:
D:1:      enne_arrival_octagon_isle, layout_basic
D:2:      layout_basic
D:3:      layout_loops_ring, uniq_ijyb
D:4:      layout_loops_cross, xom_teletrap_fun,
          nicolae_gozag_cash_rules_everything_around_me,
          minmay_temple_entry_junction, hangedman_decor_lopped,
          lightli_minifort, uniq_natasha
Temple:   minmay_temple_bridge_abc

Skill      XL: |  1  2  3  4  5 |
---------------+----------------+-----
Polearms       | 5 6 |  6.6
Dodging        | 5 |  5.9
Fighting       | 3 |  3.9
Throwing       | 3 |  3.5
Invocations    | 1 |  1.5

Action                   |  1- 3 |  4- 6 || total
-------------------------+-------+-------++-------
Melee: Trident           |    88 |   219 ||   307
Throw: Javelin           |       |     5 ||     5
  Use: Scroll            |       |     2 ||     2
       Potion            |       |     2 ||     2
 Stab: Sleeping          |     1 |     3 ||     4
Armor: Leather armour    |    20 |    49 ||    69
Dodge: Dodged            |    51 |   156 ||   207

Table legend: (Time is in decaauts)
 A = Elapsed time spent in this place.
 B = Non-inter-level travel time spent in this place.
 C = Inter-level travel time spent in this place.
 D = Time resting spent in this place.
 E = Time spent auto-exploring this place.
 F = Levels seen in this place.
 G = Mean time per level.
                   A        B        C        D        E       F      G
               +--------+--------+--------+--------+--------+-----+--------+
         Total |   3581 |   3549 |     32 |    759 |   1890 |   5 |  716.2 |
       Dungeon |   3424 |   3392 |     32 |    759 |   1800 |   4 |  856.0 |
        Temple |    156 |    156 |      0 |      0 |     89 |   1 |  156.0 |
               +--------+--------+--------+--------+--------+-----+--------+

Top non-repeatable levels by time:
     D:4: 1114 daAuts
     D:2: 850 daAuts
     D:3: 835 daAuts
     D:1: 623 daAuts
  Temple: 156 daAuts
